 Dungeon Crawl Stone Soup version 0.30-a0-364-gf6b3ef1049 (webtiles) character file.

Game seed: 378899561509866349

118 oldriver the Magician (level 4, -3/35 HPs)
             Began as a Mummy Necromancer on Nov 15, 2022.
             Slain by a gnoll
             ... wielding a +0 flail
              (11 damage)
             ... on level 3 of the Dungeon.
             The game lasted 00:01:54 (1918 turns).

oldriver the Magician (Mummy Necromancer)           Turns: 1918, Time: 00:01:55

Health: -3/35      AC:  3    Str: 11    XL:     4   Next: 72%
Magic:  1/10       EV: 12    Int: 16    God:
Gold:   105        SH:  0    Dex: 12    Spells: 8/12 levels left

rFire   x . .      SeeInvis .    c - +3 dagger
rCold   + . .      Faith    +    (no shield)
rNeg    + + +      Spirit   .    a - +0 robe
rPois   ∞          Reflect  .    (no helmet)
rElec   .          Harm     .    g - +0 cloak
rCorr   .          Rampage  .    (no gloves)
Will    .....                    (no boots)
Stlth   ++........               (no amulet)
HPRegen 0.25/turn                b - ring of flight
MPRegen 0.12/turn                (no ring)

@: flying
A: cold resistance 1, negative energy resistance 3, torment resistance 2, heat
vulnerability 1, in touch with death 1, no potions, faith
a: no special abilities


You were on level 3 of the Dungeon.
You visited 1 branch of the dungeon, and saw 3 of its levels.

You collected 105 gold pieces.

Inventory:

Hand Weapons
 c - a +3 dagger (weapon)
Armour
 a - a +0 robe (worn)
 g - a +0 cloak (worn)
Jewellery
 b - a ring of flight (left hand)
Scrolls
 d - a scroll of teleportation {unknown}
 e - a scroll of identify {unknown}
 f - 2 scrolls of enchant armour {unknown}
 h - a scroll of magic mapping {unknown}
 i - a scroll of vulnerability {unknown}


   Skills:
 + Level 3.0 Fighting
 - Level 1.5 Dodging
 - Level 1.5 Stealth
 + Level 4.7 Spellcasting
 - Level 4.0 Necromancy


You had 8 spell levels left.
You knew the following spells:

 Your Spells              Type           Power      Damage    Failure   Level
a - Necrotise             Necr           96%        1d8       3%          1
b - Vampiric Draining     Necr           24%        2d7       9%          3

Your spell library contained the following spells:

 Spells                   Type           Power      Damage    Failure   Level
 Animate Dead             Necr           24%        N/A       30%         4
 Agony                    Necr           24%        N/A       63%         5
 Cause Fear               Hex            1%         N/A       83%         4
 Dragon's Call            Summ           1%         N/A       100%        9
 Dragon Form              Tmut           Unusable   N/A       N/A         7

Dungeon Overview and Level Annotations

Branches:
Dungeon (3/15)

Altars:

Shops:
D:1 *


Innate Abilities, Weirdness & Mutations

You are immune to poison.
Your flesh is cold resistant. (rC+)
You are immune to negative energy. (rN+++)
You are immune to unholy pain and torment.
You are vulnerable to heat. (rF-)
You are in touch with the powers of death.
You do not drink.
You have a special connection with the divine. (Faith)


Message History

You can't see any susceptible monsters within range! (Use Z to cast anyway.)
You can't see any susceptible monsters within range! (Use Z to cast anyway.)
The gnoll shouts!
You feel a surge of power!
The gnoll writhes in agony.
You feel a surge of power!
The gnoll writhes in agony.
You feel a surge of power!
The gnoll writhes in agony!
An endoplasm comes into view.
The gnoll hits you from afar with a +0 spear.
You feel a surge of power!
The gnoll writhes in agony!
You kill the gnoll!
The endoplasm quivers.
The dead are walking!
Your Fighting skill increases to level 3!
You can't see any susceptible monsters within range! (Use Z to cast anyway.)
You can't see any susceptible monsters within range! (Use Z to cast anyway.)
You can't see any susceptible monsters within range! (Use Z to cast anyway.) Unknown command.
A gnoll comes into view. It is wielding a +0 halberd.
You feel a surge of power!
The endoplasm writhes in agony.
You feel a surge of power!
The endoplasm writhes in agony.
You kill the endoplasm!
Your gnoll skeleton closely misses the gnoll.
You feel a surge of power!
The gnoll writhes in agony.
Your gnoll skeleton barely misses the gnoll.
You feel a surge of power!
The gnoll writhes in agony.
You feel a surge of power!
The gnoll writhes in agony.
The gnoll barely misses you.
The gnoll hits you from afar with a +0 halberd!
You are too injured to fight recklessly!
Your gnoll skeleton hits the gnoll but does no damage.
The gnoll attacks as you move away! The gnoll hits you with a +0 flail!
* * * LOW HITPOINT WARNING * * *
Casting: Necrotise (safe; 3% risk of failure)
Confirm with . or Enter, or press ? or * to list all spells.
Aiming: Necrotise (safe; 3% risk of failure)
Press: ? - help, Shift-Dir - straight line, f/p - gnoll
Aim: a gnoll, wielding a +0 flail and wearing a +0 robe (heavily wounded, ally target, chance to affect: 88%)
You feel a surge of power!
The gnoll writhes in agony.
The gnoll hits you with a +0 flail!
You die...

########.>..............
##....###...#######..
#...........# #..
#######.....# #..
##.#...# #.. ###..#...#
####.#
#...#########....#
##.### #.<<.... #.@#
#..).... #g## #......#
##g# ######## #####..#
#....Z## #...)...#
#..........
#............
#..............


You could see 2 gnolls and a friendly gnoll skeleton.

Vanquished Creatures
  An iguana (D:3)
  3 adders (D:2)
  A gnoll (D:3)
  A dart slug (D:2)
  An orc (D:2)
  A ball python (D:3)
  9 endoplasms
  2 giant cockroaches
  6 goblins (D:1)
  4 hobgoblins
  6 kobolds
  2 bats
  4 frilled lizards (D:1)
  3 rats (D:1)
44 creatures vanquished.

Vanquished Creatures (collateral kills)
  2 hobgoblins
2 creatures vanquished.

Grand Total: 46 creatures vanquished

Notes
Turn   | Place    | Note
-------+----------+-------------------------------------------
     0 | D:1      | oldriver the Mummy Necromancer began the quest for the Orb.
     0 | D:1      | Reached XP level 1. HP: 13/13 MP: 4/4
   134 | D:1      | Reached skill level 1 in Fighting
   137 | D:1      | Reached XP level 2. HP: 21/21 MP: 1/6
   796 | D:1      | Gained mutation: You are in touch with the powers of death.
                  | [Mummy growth]
   796 | D:1      | Reached XP level 3. HP: 27/27 MP: 4/8
   892 | D:1      | Found Begheodag's Assorted Antiques.
  1443 | D:2      | Reached XP level 4. HP: 34/34 MP: 5/10
  1887 | D:3      | Learned a level 3 spell: Vampiric Draining
  1918 | D:3      | Slain by a gnoll

Illustrated notes

Levels and vault maps discovered:
D:1:      tarquinn_simple_flora_water_f, layout_loops_cross, serial_shops,
          nicolae_shop_temple_entry_statues_fountains,
          chequers_serial_rivers_small_b
D:2:      layout_basic
D:3:      layout_rooms

Skill      XL: |  1  2  3  4 |
---------------+-------------+-----
Spellcasting   | 3 4 |  4.7
Fighting       | 1 2 3 |  3.0
Dodging        | |  1.5
Stealth        | |  1.5
Necromancy     | |  4.0

Action                   |  1- 3 |  4- 6 || total
-------------------------+-------+-------++-------
Melee: Unarmed           |     1 |       ||     1
       Dagger            |     1 |       ||     1
 Cast: Necrotise         |    67 |    23 ||    90
Armor: Robe              |     2 |       ||     2
Dodge: Dodged            |    19 |     2 ||    21

Table legend: (Time is in decaauts)
 A = Elapsed time spent in this place.
 B = Non-inter-level travel time spent in this place.
 C = Inter-level travel time spent in this place.
 D = Time resting spent in this place.
 E = Time spent auto-exploring this place.
 F = Levels seen in this place.
 G = Mean time per level.
                   A        B        C        D        E       F      G
               +--------+--------+--------+--------+--------+-----+--------+
         Total |   1916 |   1871 |     45 |     51 |   1530 |   3 |  638.7 |
       Dungeon |   1916 |   1871 |     45 |     51 |   1530 |   3 |  638.7 |
               +--------+--------+--------+--------+--------+-----+--------+

Top non-repeatable levels by time:
     D:1: 1132 daAuts
     D:2: 633 daAuts
     D:3: 150 daAuts
